 Dungeon Crawl Stone Soup version 0.17-a0-1037-gbf358b4 (webtiles) character file.

124 Vivisectus the Conjurer (level 4, -2/24 HPs)
             Began as a Deep Elf Conjurer on May 14, 2015.
             Slain by an iguana (11 damage)
             ... on level 4 of the Dungeon.
             The game lasted 00:17:38 (2560 turns).

Vivisectus the Conjurer (Deep Elf Conjurer)         Turns: 2560, Time: 00:17:38

Health: -2/24      AC:  4    Str:  5    XL:     4   Next: 81%
Magic:  12/12      EV: 13    Int: 21    God:
Gold:   93         SH:  0    Dex: 15    Spells: 3 memorised, 6 levels left

rFire  . . .     SeeInvis .     p - +2 short sword (venom)
rCold  . . .     Clarity  .     a - +0 robe
rNeg   . . .     SustAb   .     (no shield)
rPois  .         Gourm    .     (no helmet)
rElec  .         Spirit   .     o - +1 cloak
rCorr  .         Warding  .     (no gloves)
rMut   .         Stasis   .     (no boots)
MR     .....                    (no amulet)
Stlth  ++........               (no ring)
                                (no ring)

@: not resistant to hostile enchantments, unstealthy
A: no striking features
a: no special abilities


You were on level 4 of the Dungeon.
You were not hungry.

You visited 1 branch of the dungeon, and saw 4 of its levels.

You collected 119 gold pieces.
You spent 26 gold pieces at shops.

Inventory:

Hand weapons
 f - a +0 short sword
 h - a +0 dagger
 i - a +0 dagger
 j - a +0 spear
 l - a +3 hand axe
 m - a +0 dagger
 n - a +0 spear
 p - a +2 short sword of venom (weapon)
 q - a +0 dagger
Armour
 a - a +0 robe (worn)
 e - a +0 leather armour
 k - a +0 leather armour
 o - a +1 cloak (worn)
 t - a +0 robe
Magical devices
 w - a wand of random effects (26)
Scrolls
 r - 2 scrolls of recharging
 v - a scroll of identify
Potions
 d - 2 potions of heal wounds
 u - a potion of agility {unknown}
 x - a potion of lignification {unknown}
Books
 b - a book of Conjurations

   Spells                             Type                      Level
   a - Magic Dart                     Conjuration                  1
   b - Searing Ray                    Conjuration                  2
   c - Dazzling Spray                 Conjuration/Hexes            3
   d - Fulminant Prism                Conjuration/Hexes            4
   e - Iskenderun's Mystic Blast      Conjuration                  4
   f - Iskenderun's Battlesphere      Conjuration/Charms           5
Comestibles
 c - 2 bread rations
 g - a beef jerky
 s - a meat ration
 z - 2 chunks of flesh


   Skills:
 - Level 2.7 Dodging
 - Level 2.5 Stealth
 + Level 4.7 Spellcasting
 + Level 5.4 Conjurations
 + Level 2.2 Hexes


You had 6 spell levels left.
You knew the following spells:

 Your Spells              Type           Power        Failure   Level  Hunger
a - Magic Dart            Conj           ####         1%          1    None
b - Searing Ray           Conj           ####..       1%          2    #......
c - Dazzling Spray        Conj/Hex       ###.....     10%         3    ##.....


Dungeon Overview and Level Annotations

Branches:
Dungeon (4/15)
 Temple: D:4-7

Altars:

Shops:
D:4 !*:


Message History

You hit the goblin.
You kill the goblin!
You see here a goblin corpse.
Found 21 stones.
A goblin comes into view.
Found 10 gold pieces.
The goblin shouts!
You hear an angry hiss.
Found a stone staircase leading up.
The goblin completely misses you.
An iguana comes into view.
You miss the goblin. The goblin barely misses you.
You closely miss the goblin. The goblin hits you.
You barely miss the goblin.
The iguana hisses angrily.
The goblin hits you.
You hit the goblin.
You kill the goblin!
The iguana bites you!
You barely miss the iguana. The iguana bites you!
You die...

..# .# # #.# .# #.#
#.# ##$##.. #.# #....
#.# #†.# #.# #..######
#.#### #........
.....# #l#######
..##.# #####@## ####.#
#......# #.##.####
#.##..##
........####.#...####
.............†......'(
...#.##.####.#...####.
#.∩#.##.# #.##.##
##.#.##.# #.####
#.#.##.# #.#


You could see an iguana.

Vanquished Creatures
  3 gnolls (D:4)
  4 adders
  2 giant geckos
  6 bats
  A bat skeleton (D:4)
  A giant cockroach (D:1)
  8 hobgoblins
  4 jackals (D:4)
  6 kobolds
  A quokka (D:4)
  2 ball pythons (D:2)
  8 goblins
  9 rats
55 creatures vanquished.

Notes
Turn   | Place    | Note
--------------------------------------------------------------
     0 | D:1      | Vivisectus the Deep Elf Conjurer began the quest for the Orb.
     0 | D:1      | Reached XP level 1. HP: 10/10 MP: 6/6
   272 | D:1      | Reached XP level 2. HP: 15/15 MP: 6/8
   277 | D:1      | Learned a level 2 spell: Searing Ray
   820 | D:2      | Reached skill level 5 in Conjurations
  1262 | D:2      | Reached XP level 3. HP: 19/19 MP: 4/9
  1434 | D:3      | Learned a level 3 spell: Dazzling Spray
  1777 | D:3      | Reached skill level 1 in Hexes
  1859 | D:3      | Reached XP level 4. HP: 24/24 MP: 8/12
  2047 | D:4      | Found Piohus Dodo's Book Emporium.
  2327 | D:4      | Found Ezxue's Distillery.
  2328 | D:4      | Found Xetoimem's General Store.
  2402 | D:4      | Bought a scroll of identify for 26 gold pieces
  2560 | D:4      | Slain by an iguana

Vault maps used:
D:1:      lightli_arrival_windingriver, roderic_lattice_a, serial_bayou_pond_d,
          feat_on_display
D:2:      first_bread, kennysheep_potato
D:4:      serial_shops, shop, shop, kennysheep_little_box, shop, shop

Action                   |  1- 3 |  4- 6 || total
-------------------------+-------+-------++-------
Melee: Unarmed           |     1 |       ||     1
       Hand axe          |     3 |       ||     3
       Dagger            |     1 |       ||     1
       Short sword       |     3 |    17 ||    20
 Cast: Magic Dart        |    56 |    18 ||    74
       Searing Ray       |     2 |     1 ||     3
       Dazzling Spray    |     1 |     6 ||     7
  Use: Scroll            |     6 |     2 ||     8
 Stab: Sleeping          |     4 |       ||     4
  Eat: Chunk             |     2 |     3 ||     5
